Map: Submarine LE

Players

LiquidClem (Clem) - Winner!

  • Race: Terran Terran
  • League: Master
  • Spawn Location: 11:00

Reynor

  • Race: Zerg Zerg
  • League: Master
  • Spawn Location: 5:00

Event: DreamHack SC2 Masters 2020 Fall

VOD

Have the link to the VOD?

Description

Time

  • Played on: Sept. 12, 2020, 1:55 p.m.
  • Length: 12:00

All games in this series

Show
View Real Time Build Order
Export as new Build Order

LiquidClem Terran - Winner!

Build Orders: Reaper Expand, Hellion Banshee 

Get SALT Encoding   

  12  0:00  SCV  
  13  0:12  SCV  
  14  0:17  Supply Depot  
  14  0:24  SCV  
  15  0:38  SCV  
  15  0:39  Barracks  
  16  0:45  Refinery  
  16  0:50  SCV  
  17  1:03  SCV  
  18  1:15  SCV  
  19  1:27  Reaper, Orbital Command  
  20  1:39  Command Center  
  20  1:47  Supply Depot  
  20  1:53  SCV  
  21  1:58  Marine  
  22  2:05  SCV  
  23  2:11  Factory  
  23  2:15  Refinery  
  23  2:17  SCV  
  23  2:21  Barracks Reactor  
  24  2:29  SCV  
  25  2:41  SCV  
  26  2:51  Orbital Command  
  26  2:53  SCV  
  26  2:57  Starport  
  27  3:02  Hellion x2  
  31  3:06  SCV  
  32  3:13  Barracks Tech Lab  
  32  3:17  SCV  
  32  3:18  SCV, Supply Depot  
  34  3:23  Hellion x2  
  38  3:29  SCV  
  38  3:30  SCV  
  40  3:39  Banshee  
  40  3:40  Cloaking Field  
  43  3:41  SCV  
  43  3:42  Barracks Tech Lab  
  43  3:43  Supply Depot  
  43  3:44  SCV  
  47  3:48  Hellion  
  47  3:51  Hellion  
  47  3:54  SCV  
  50  3:56  SCV  
  51  4:06  SCV  
  51  4:07  Supply Depot  
  51  4:08  Stimpack  
  52  4:11  SCV  
  53  4:21  SCV, Command Center  
  53  4:24  SCV  
  55  4:25  Marine  
  55  4:27  Factory Reactor  
  55  4:29  Banshee  
  59  4:33  SCV  
  60  4:39  Supply Depot  
  60  4:40  Barracks  
  60  4:45  Barracks  
  60  4:46  Marine  
  60  4:47  SCV  
  60  4:50  SCV  
  60  4:51  Supply Depot  
  64  5:00  SCV  
  64  5:01  Engineering Bay x2  
  64  5:04  Marine  
  65  5:08  SCV  
  65  5:12  SCV  
  65  5:20  Starport Reactor  
  59  5:21  SCV  
  59  5:22  Refinery x2  
  59  5:24  SCV, Barracks x2  
  59  5:25  Marine  
  60  5:32  Siege Tank  
  60  5:33  Terran Infantry Weapons Level 1  
  60  5:37  Terran Infantry Armor Level 1  
  60  5:38  SCV  
  60  5:40  Marine  
  60  5:41  Marine  
  63  5:42  Marine  
  63  5:43  Marine  
  63  5:44  Marine  
  63  5:47  SCV  
  67  5:51  SCV  
  68  5:58  Marine x2  
  68  5:59  SCV  
  68  6:00  Supply Depot, Marine  
  68  6:01  Combat Shield  
  68  6:04  Marine x2  
  72  6:05  SCV, Medivac  
  72  6:10  Orbital Command  
  78  6:11  SCV  
  78  6:12  Barracks Reactor  
  78  6:14  Barracks Reactor  
  78  6:15  Marine  
  78  6:18  Medivac  
  81  6:22  SCV  
  81  6:24  SCV  
  81  6:25  Marine x3  
  84  6:26  Marine  
  84  6:29  Supply Depot  
  84  6:30  Armory  
  87  6:34  Marine  
  87  6:37  SCV x2  
  87  6:38  SCV  
  91  6:43  Supply Depot, Marine x3  
  91  6:44  Marine  
  91  6:46  Siege Tank  
  98  6:49  SCV, Marine x2  
  98  6:51  Medivac  
  98  6:52  Marine  
  98  6:53  SCV x2  
  106  6:55  Supply Depot, Marine  
  106  6:58  Marine  
  106  7:00  Marine  
  109  7:01  SCV  
  109  7:04  Marine x2  
  109  7:05  SCV, Marine  
  109  7:06  Medivac  
  114  7:08  Supply Depot  
  114  7:09  Marine  
  114  7:10  Marine  
  114  7:11  SCV  
  114  7:13  SCV  
  116  7:17  SCV, Marine  
  116  7:19  Marine x2  
  116  7:20  Siege Tank  
  116  7:21  Marine  
  116  7:22  Marine x2  
  119  7:30  Barracks  
  119  7:31  Barracks  
  119  7:34  Marine  
  119  7:35  Marine, Barracks  
  119  7:36  Marine  
  119  7:37  Marine  
  122  7:41  Terran Infantry Weapons Level 2  
  123  7:44  Marine x4  
  123  7:45  Supply Depot  
  123  7:47  Marine  
  128  7:52  Marine x2  
  128  7:53  Widow Mine  
  128  7:54  Marine  
  128  7:56  Supply Depot, Marine  
  133  8:01  Medivac x2  
  133  8:02  Marine x2  
  139  8:06  Marine x2  
  139  8:08  Marine  
  139  8:09  Supply Depot  
  139  8:10  Terran Infantry Armor Level 2  
  139  8:15  Marine x3  
  139  8:16  Siege Tank  
  145  8:20  Supply Depot, Marine x3  
  145  8:26  Marine x2  
  150  8:28  Marine x2  
  150  8:31  Marine  
  153  8:35  Marine  
  153  8:36  Marine x2  
  152  8:41  Marine  
  152  8:42  Command Center  
  152  8:45  Marine  
  152  8:47  Medivac  
  155  8:49  Marine x2  
  155  8:50  Marine  
  155  8:51  Marine x2  
  155  8:53  Siege Tank  
  155  8:54  Marine x2  
  165  8:57  Marine x3  
  165  8:59  Marine  
  162  9:03  Marine  
  162  9:07  Marine x2  
  162  9:08  Marine x2  
  162  9:09  Marine  
  151  9:11  Command Center  
  151  9:13  Liberator  
  151  9:16  Marine x2  
  147  9:17  Marine x2  
  147  9:19  Marine x2  
  147  9:23  Medivac  
  138  9:25  Marine, Siege Tank  
  138  9:26  SCV x3  
  138  9:27  Marine x2  
  138  9:31  Marine x3  
  142  9:34  Marine x2  
  142  9:35  Marine x2  
  142  9:37  Marine x2  
  139  9:46  Marine x2  
  139  9:47  Marine  
  139  9:49  Marine  
  139  9:50  Marine  
  139  9:51  Marine  
  139  9:52  Marine  
  144  9:55  Sensor Tower  
  144  9:57  Supply Depot, Siege Tank  
  144  9:58  Supply Depot  
  144  9:59  Marine x4  
  151  10:05  Marine x2  
  153  10:08  Marine x2  
  153  10:11  Marine x4  
  159  10:15  Supply Depot  
  159  10:17  Marine x3  
  156  10:28  Marine x2  
  156  10:29  Siege Tank  
  156  10:31  Marauder, Marine  
  156  10:33  Marine x3  
  156  10:34  Marine x2  
  156  10:35  Marine  
  152  10:40  Marine x2  
  151  10:46  Marine  
  151  10:49  Marine  
  145  10:58  Marine x7  
  145  10:59  Marine x3  
  155  11:04  Command Center, Marine  
  155  11:05  Sensor Tower  
  155  11:07  Marine  
  153  11:16  Marine x4  
  153  11:17  Planetary Fortress  
  156  11:21  Marine x3  
  156  11:22  Refinery, Barracks Tech Lab x2  
  156  11:23  Refinery, Marine x2  
  156  11:25  Marine  
  160  11:33  Marine x2  
  160  11:37  Marine x2  
  155  11:41  Marine x2  
Show
View Real Time Build Order
Export as new Build Order

Reynor Zerg 

Build Orders: Hatch First 

Get SALT Encoding   

  12  0:00  Drone  
  13  0:12  Overlord  
  13  0:16  Drone  
  14  0:30  Drone x2  
  16  0:48  Hatchery  
  15  0:50  Drone  
  15  0:54  Drone  
  17  0:57  Drone  
  18  1:08  Extractor  
  17  1:13  Spawning Pool  
  17  1:17  Drone  
  17  1:20  Drone  
  18  1:27  Drone  
  19  1:38  Drone  
  20  1:50  Overlord  
  20  2:00  Queen x2  
  20  2:01  Zergling x4  
  26  2:10  Drone  
  26  2:13  Drone  
  28  2:21  Drone  
  28  2:22  Drone  
  30  2:33  Drone x2  
  30  2:36  Hatchery  
  30  2:39  Metabolic Boost  
  30  2:45  Queen  
  30  2:50  Overlord  
  32  2:54  Drone  
  32  2:56  Zergling x2  
  32  2:58  Drone  
  35  3:04  Drone  
  36  3:10  Drone  
  36  3:11  Drone x2  
  39  3:15  Overlord  
  39  3:17  Drone  
  39  3:18  Drone  
  41  3:21  Queen  
  43  3:27  Drone  
  44  3:34  Drone  
  44  3:37  Drone  
  44  3:40  Zergling x2  
  47  3:44  Overlord  
  47  3:45  Queen  
  47  3:47  Drone  
  50  3:48  Drone  
  50  3:49  Drone  
  50  3:50  Baneling Nest  
  50  3:55  Zergling x4  
  53  3:56  Queen  
  53  3:57  Drone  
  53  3:58  Drone  
  53  4:01  Drone  
  58  4:03  Overlord  
  58  4:06  Drone  
  58  4:09  Drone x2  
  61  4:13  Lair  
  61  4:16  Extractor  
  60  4:22  Overlord  
  60  4:23  Zergling x6, Drone  
  64  4:27  Drone x2  
  66  4:35  Queen  
  66  4:39  Spore Crawler  
  66  4:40  Spore Crawler  
  66  4:41  Queen  
  66  4:43  Zergling x8  
  66  4:45  Drone  
  66  4:46  Drone  
  66  4:50  Drone x3  
  71  4:54  Drone  
  71  4:58  Zergling x2  
  73  5:00  Spore Crawler  
  73  5:01  Drone  
  73  5:06  Overlord  
  73  5:12  Zergling x4  
  70  5:14  Zergling x6  
  70  5:16  Drone x2  
  70  5:18  Zergling x4  
  73  5:23  Overseer, Drone  
  70  5:29  Drone x4  
  70  5:31  Drone  
  70  5:32  Drone  
  70  5:34  Drone  
  77  5:38  Drone  
  78  5:43  Drone x2  
  78  5:49  Hatchery  
  78  5:50  Drone  
  78  5:54  Centrifical Hooks, Drone, Extractor  
  78  5:55  Drone x2  
  81  5:57  Drone  
  81  6:01  Evolution Chamber x2  
  81  6:02  Overlord  
  80  6:08  Overlord, Drone x2  
  80  6:10  Extractor  
  82  6:11  Drone, Extractor  
  82  6:13  Overlord  
  82  6:15  Overlord  
  82  6:23  Zergling x6  
  85  6:26  Zergling x2  
  85  6:28  Zergling x2  
  85  6:29  Zerg Ground Armor Level 1  
  85  6:30  Zergling x2, Zerg Melee Weapons Level 1  
  85  6:31  Zergling x4  
  90  6:34  Zergling x8  
  90  6:36  Drone x2  
  90  6:39  Zergling x4  
  98  6:40  Zergling x2  
  98  6:41  Baneling x2  
  98  6:42  Baneling x3  
  98  6:46  Zergling x2  
  100  6:47  Drone  
  100  6:50  Zergling x2  
  100  6:53  Baneling x3  
  102  6:57  Zergling x2  
  102  7:00  Zergling x8  
  107  7:05  Zergling x10  
  108  7:13  Drone x6  
  109  7:20  Drone  
  104  7:23  Drone x3  
  104  7:27  Drone  
  104  7:29  Drone x2  
  110  7:33  Zergling x4  
  110  7:35  Hatchery  
  110  7:37  Zergling x4, Pneumatized Carapace  
  110  7:38  Hatchery  
  110  7:41  Baneling  
  110  7:42  Baneling x5  
  110  7:43  Zergling x4  
  113  7:45  Zergling x4  
  115  7:52  Queen, Drone x3  
  115  7:57  Zergling x4  
  115  7:58  Overlord  
  118  8:01  Zergling x4  
  118  8:04  Overlord  
  120  8:08  Drone x2  
  120  8:10  Overlord  
  120  8:12  Spore Crawler  
  119  8:19  Zergling x8  
  126  8:20  Zergling x6  
  126  8:22  Baneling x5  
  126  8:23  Zergling x6  
  126  8:25  Zergling x6  
  126  8:26  Zerg Ground Armor Level 2, Zerg Melee Weapons Level 2  
  132  8:27  Infestation Pit  
  132  8:28  Zergling x2  
  132  8:31  Zergling x4  
  132  8:32  Zergling x6  
  132  8:33  Baneling x2  
  130  8:34  Zergling x2  
  130  8:37  Baneling x3  
  130  8:42  Zergling x6  
  130  8:46  Zergling x2  
  133  8:49  Zergling x6  
  133  8:50  Zergling x2, Queen  
  133  8:51  Queen  
  133  8:52  Zergling x4  
  133  8:54  Queen  
  143  8:56  Zergling x8  
  143  8:59  Zergling x2  
  143  9:00  Zergling x2  
  138  9:03  Zergling x2  
  138  9:08  Zergling x8  
  130  9:10  Queen, Baneling x8  
  130  9:15  Zergling x4  
  128  9:19  Zergling x2  
  128  9:20  Zergling x10  
  121  9:24  Zergling x8  
  121  9:27  Baneling x8  
  121  9:31  Zergling x6  
  121  9:33  Zergling x4  
  121  9:37  Queen  
  117  9:39  Zergling x2  
  117  9:45  Zergling x8  
  116  9:46  Zergling x2  
  116  9:47  Zergling x4  
  116  9:50  Zergling x2, Infestation Pit  
  116  9:52  Burrow  
  119  9:54  Zergling x8  
  119  9:55  Baneling x2  
  119  9:58  Baneling x7  
  119  10:00  Zergling x2  
  119  10:01  Zergling x6  
  119  10:02  Hatchery  
  119  10:06  Zergling x6  
  119  10:07  Zergling x12, Overseer  
  131  10:09  Zergling x2  
  131  10:11  Zergling x2  
  133  10:19  Zergling x2  
  133  10:20  Zergling x10  
  140  10:21  Spore Crawler  
  140  10:26  Zergling x6  
  121  10:29  Zergling x2  
  121  10:30  Zergling x2  
  121  10:32  Zergling x6  
  121  10:34  Zergling x2  
  121  10:35  Baneling x14  
  111  10:36  Zergling x2  
  111  10:42  Zergling x6, Baneling x2  
  114  10:43  Baneling x4  
  114  10:45  Zergling x6  
  114  10:46  Zergling x2  
  116  10:52  Zergling x8  
  116  10:56  Zergling x6  
  98  10:58  Zergling x2  
  98  10:59  Zergling x2  
  98  11:03  Baneling  
  98  11:04  Zergling x2, Baneling x5  
  93  11:07  Zergling x2  
  93  11:08  Zergling x2  
  93  11:10  Zergling x2  
  94  11:14  Zergling x6  
  94  11:15  Zergling x4  
  94  11:17  Zergling x2  
  100  11:19  Zergling x2  
  100  11:21  Zergling x6  
  100  11:24  Zergling x2  
  105  11:27  Zergling x2  
  105  11:28  Zergling x4  
  107  11:32  Baneling  
  107  11:33  Baneling x7  
  107  11:34  Zergling x4  
  107  11:39  Zergling x10  
  103  11:41  Baneling x7  

Tags
 
Add a new tag
Caveats
  • Supply blocks, unpowered buildings, or Contaminate may cause inaccurate times.
  • Supply counts are checked every 10 seconds.